[Event "December 5 Late 2023"]
[Site "https://www.chess.com"]
[Date "2023.12.05"]
[Round "1"]
[White "Marcziter, Dmitrii"]
[Black "Panesar Vedant"]
[Result "1-0"]
[Board "90"]
[TimeControl "180+1"]
[WhiteFideId "13900765"]
[BlackFideId "35033018"]
[WhiteElo "2374"]
[BlackElo "2713"]
[WhiteTeam "GER"]
[BlackTeam "IND"]
[WhiteClock "0:00:10"]
[BlackClock "0:00:09"]

1. d4 Nf6 2. c4 g6 3. Nf3 Bg7 4. g3 O-O 5. Bg2 d6 6. Nc3 Nbd7 7. O-O e5 8. Qc2 Re8 9. Rd1 c6 10. b3 a6 11. Ba3 e4 12. Ng5 d5 13. cxd5 cxd5 14. h4 Nb6 15. e3 Bg4 16. Rdc1 Qd7 17. Kh2 Rac8 18. Bc5 Na8 19. Qd2 h6 20. Nh3 Qf5 21. Rc2 Bf3 22. Nf4 g5 23. hxg5 hxg5 24. Nh3 Rc6 25. Bxf3 exf3 26. Rh1 Ng4+ 27. Kg1 Rh6 28. Rc1 Ne5 29. e4 dxe4 30. Qxg5 Qh7 31. Nxe4 Rxh3 32. Nf6+ Kh8 33. Nxh7 Rxh1+ 34. Kxh1 Kxh7 35. dxe5 Rxe5 36. Qh4+ Kg6 37. Kg1 Bf6 38. Qg4+ Rg5 39. Qxf3 Nc7 40. Qd3+ Kg7 41. Be3 Rd5 42. Qe4 Be5 43. Rxc7 Rd1+ 44. Kg2 Bxc7 45. Qg4+ 1-0

[Event "December 5 Late 2023"]
[Site "https://www.chess.com"]
[Date "2023.12.05"]
[Round "1"]
[White "Bolourchifard, Farzad"]
[Black "YurasovMat-2012"]
[Result "1-0"]
[Board "91"]
[TimeControl "180+1"]
[WhiteFideId "12510084"]
[WhiteElo "2710"]
[BlackElo "2374"]
[WhiteTeam "IRI"]
[WhiteClock "0:00:23"]
[BlackClock "0:00:00"]

1. d4 d5 2. Nf3 Nf6 3. c4 c6 4. Nc3 Bf5 5. Bg5 e6 6. e3 Nbd7 7. Be2 Be7 8. Nh4 Be4 9. f3 h6 10. Bxf6 Bxf6 11. fxe4 Bxh4+ 12. g3 Bg5 13. cxd5 exd5 14. Qd3 dxe4 15. Nxe4 O-O 16. h4 Be7 17. O-O-O Qa5 18. Kb1 Rad8 19. g4 c5 20. d5 Ne5 21. Qc2 Qb6 22. g5 Rfe8 23. Rhg1 g6 24. d6 Bf8 25. Nf6+ Kh8 26. Nxe8 Rxe8 27. h5 hxg5 28. hxg6 Nxg6 29. Rxg5 Bxd6 30. Rxg6 fxg6 31. Qxg6 Qc6 32. Bd3 Re7 33. Rg1 1-0

[Event "December 5 Late 2023"]
[Site "https://www.chess.com"]
[Date "2023.12.05"]
[Round "1"]
[White "Morales Garcia, Sergio Joshafatt"]
[Black "Rosen, Eric"]
[Result "0-1"]
[Board "92"]
[TimeControl "180+1"]
[WhiteFideId "5106249"]
[BlackFideId "2032562"]
[WhiteElo "2373"]
[BlackElo "2709"]
[WhiteTeam "MEX"]
[BlackTeam "USA"]
[WhiteClock "0:00:00"]
[BlackClock "0:00:15"]

1. d4 d5 2. c4 e6 3. Nf3 Nf6 4. Nc3 Nbd7 5. Bg5 c6 6. e3 Qa5 7. Nd2 Bb4 8. Qc2 e5 9. Bxf6 Nxf6 10. dxe5 Ne4 11. Ncxe4 dxe4 12. a3 Bxd2+ 13. Qxd2 Qxe5 14. Be2 O-O 15. O-O Qg5 16. Kh1 Rd8 17. Qc3 Bg4 18. f3 exf3 19. gxf3 Bh5 20. Rg1 Qh6 21. Rad1 Re8 22. Rd6 Bg6 23. e4 Qf4 24. Qd2 Qh4 25. Rd1 Qf2 26. Qe1 Qe3 27. Qg1 Qxe2 0-1

[Event "December 5 Late 2023"]
[Site "https://www.chess.com"]
[Date "2023.12.05"]
[Round "1"]
[White "Khruschiov, Alexey"]
[Black "Buenafe Moya, Javier"]
[Result "1-0"]
[Board "93"]
[TimeControl "180+1"]
[WhiteFideId "13900544"]
[BlackFideId "2206412"]
[WhiteElo "2708"]
[BlackElo "2373"]
[WhiteTeam "MDA"]
[BlackTeam "ESP"]
[WhiteClock "0:00:14"]
[BlackClock "0:00:11"]

1. g3 Nf6 2. Bg2 d5 3. Nf3 c6 4. O-O g6 5. d3 Bf5 6. Nc3 Qc8 7. Re1 Bh3 8. Bh1 Bg7 9. e4 dxe4 10. dxe4 O-O 11. e5 Ng4 12. Bf4 h6 13. Ne4 Rd8 14. Qe2 Qf5 15. Rad1 Na6 16. Nd4 Rxd4 17. Rxd4 Nxe5 18. Red1 g5 19. Rd8+ Rxd8 20. Rxd8+ Bf8 21. Bxe5 Qxe5 22. Nc3 Qf6 23. Bg2 Bf5 24. Ra8 Nb4 25. Rxa7 Nxc2 26. Rxb7 Nd4 27. Qd1 e5 28. b4 g4 29. a4 h5 30. a5 Bc2 31. Qd2 Bh6 32. Qe1 h4 33. gxh4 Bf4 34. Ne4 Qxh4 35. Ng3 Nf3+ 36. Bxf3 gxf3 37. Qf1 Qh7 38. Rd7 Kf8 39. a6 Ke8 40. Rd6 Ke7 41. Rd1 Ba4 42. a7 Qh8 43. Qd3 Bb5 44. Qd8+ Qxd8 45. Rxd8 Kxd8 46. a8=Q+ Kd7 47. Qa7+ Kd6 48. Qxf7 Bd2 49. Nf5# 1-0

[Event "December 5 Late 2023"]
[Site "https://www.chess.com"]
[Date "2023.12.05"]
[Round "1"]
[White "Azali, Tannaz"]
[Black "Zeltsan, Joseph"]
[Result "0-1"]
[Board "94"]
[TimeControl "180+1"]
[WhiteFideId "12537721"]
[BlackFideId "30932980"]
[WhiteElo "2373"]
[BlackElo "2707"]
[WhiteTeam "IRI"]
[BlackTeam "USA"]
[WhiteClock "0:00:02"]
[BlackClock "0:00:13"]

1. e4 d5 2. exd5 Qxd5 3. Nc3 Qa5 4. d4 Nf6 5. Nf3 Nc6 6. Bd2 Bg4 7. h3 Qh5 8. Be2 O-O-O 9. O-O e6 10. Be3 Bd6 11. Ng5 Bxe2 12. Qxe2 Qg6 13. Rad1 Rhe8 14. Qd3 Qh5 15. Nge4 Be7 16. Qc4 Nxe4 17. Nxe4 Qd5 18. Qxd5 exd5 19. Ng3 g6 20. c3 Bh4 21. Rfe1 Re6 22. Bf4 Rde8 23. Kf1 Kd7 24. Rxe6 Rxe6 25. Re1 Bd8 26. Rxe6 Kxe6 27. Ke2 h5 28. Nf1 Ne7 29. Nd2 c6 30. Nf3 Nf5 31. Ng5+ Ke7 32. g4 Ng7 33. Bg3 Ne6 34. Nf3 hxg4 35. hxg4 f6 36. Ke3 Kf7 37. Nd2 Be7 38. f4 Bf8 39. Kf3 f5 40. gxf5 gxf5 41. Nf1 Nc7 42. Ne3 Ke6 43. Bh4 Nb5 44. Bg5 Nd6 45. Nd1 Ne4 46. Bh4 Bh6 47. Nf2 a5 48. Nd3 Bf8 49. Be1 a4 50. b3 b5 51. c4 bxc4 52. bxc4 dxc4 53. Ne5 Kd5 54. Ke3 c5 55. dxc5 Bxc5+ 56. Ke2 Bd6 57. Nf3 Bxf4 58. Nh4 Ke6 59. Kf3 Be5 60. Ke2 Nc3+ 61. Kd2 Nxa2 62. Kc2 c3 63. Nf3 Nb4+ 64. Kb1 Bf6 65. Kc1 a3 66. Kb1 a2+ 67. Ka1 c2+ 0-1

[Event "December 5 Late 2023"]
[Site "https://www.chess.com"]
[Date "2023.12.05"]
[Round "1"]
[White "Annaberdiyev, Meylis"]
[Black "Zivic, Dragan"]
[Result "1-0"]
[Board "95"]
[TimeControl "180+1"]
[WhiteFideId "14000563"]
[BlackFideId "904740"]
[WhiteElo "2705"]
[BlackElo "2372"]
[WhiteTeam "TKM"]
[BlackTeam "SRB"]
[WhiteClock "0:00:25"]
[BlackClock "0:00:00"]

1. e4 c6 2. Nf3 d5 3. exd5 cxd5 4. Ne5 Nc6 5. d4 Nf6 6. c3 g6 7. Bb5 Bd7 8. Nxd7 Qxd7 9. O-O Bg7 10. Nd2 O-O 11. Re1 a6 12. Bd3 Rae8 13. Nf3 Qc7 14. Bg5 e5 15. dxe5 Nxe5 16. Bc2 Nc4 17. Rxe8 Rxe8 18. Bxf6 1-0

[Event "December 5 Late 2023"]
[Site "https://www.chess.com"]
[Date "2023.12.05"]
[Round "1"]
[White "Zakarian, David"]
[Black "Hambleton, Aman"]
[Result "1-0"]
[Board "96"]
[TimeControl "180+1"]
[WhiteFideId "13301276"]
[BlackFideId "2606577"]
[WhiteElo "2371"]
[BlackElo "2700"]
[WhiteTeam "ARM"]
[BlackTeam "CAN"]
[WhiteClock "0:01:11"]
[BlackClock "0:00:02"]

1. d4 e5 2. dxe5 Nc6 3. Nf3 Qe7 4. Nc3 Nxe5 5. Nxe5 Qxe5 6. g3 Bc5 7. Bf4 Qe7 8. Nd5 Qe4 9. f3 Qxf4 10. Nxf4 c6 11. e4 d6 12. Bh3 Bxh3 13. Nxh3 Nf6 14. Qd3 O-O 15. O-O-O Rad8 16. f4 Bb6 17. Kb1 Rfe8 18. Rhe1 h6 19. Qf3 Bc7 20. e5 Ba5 21. c3 Nd5 22. exd6 Rf8 23. Re5 b5 24. f5 Rxd6 25. Nf4 Bxc3 26. Nxd5 Bxe5 27. Ne7+ Kh8 28. Rxd6 Bxd6 29. Nxc6 a6 30. Qd5 Bc7 31. Nd4 Rg8 32. Qxf7 Be5 33. Ne6 Bf6 34. Nf4 Rd8 35. Ng6+ Kh7 36. a3 a5 37. Qc7 b4 38. Qxa5 b3 39. Qe1 Rc8 40. Nf4 Rc2 41. Nd3 Rxh2 42. Qd1 h5 43. Qxb3 Rg2 44. Nf4 Rg1+ 45. Ka2 Rh1 46. Qf7 h4 47. Qg6+ Kg8 48. Nh5 Be5 49. f6 Kf8 50. Qxg7+ Ke8 51. Qe7# 1-0

[Event "December 5 Late 2023"]
[Site "https://www.chess.com"]
[Date "2023.12.05"]
[Round "1"]
[White "Kanakaris, Georgios"]
[Black "Nita, Lucian"]
[Result "1-0"]
[Board "97"]
[TimeControl "180+1"]
[WhiteFideId "4209460"]
[BlackFideId "1206923"]
[WhiteElo "2691"]
[BlackElo "2368"]
[WhiteTeam "GRE"]
[BlackTeam "ROU"]
[WhiteClock "0:00:23"]
[BlackClock "0:00:08"]

1. d4 d6 2. Nf3 Nd7 3. g3 e5 4. dxe5 dxe5 5. Bg2 Ngf6 6. O-O Bc5 7. Nc3 O-O 8. Bg5 h6 9. Bxf6 Qxf6 10. Ne4 Qe7 11. Nxc5 Nxc5 12. Qc1 Bf5 13. Qe3 f6 14. Nh4 Bh7 15. b4 Ne6 16. Bxb7 Rab8 17. Qxa7 c6 18. c3 Rxb7 19. Qa6 Rc7 20. Qc4 Kh8 21. a4 Ng5 22. a5 Ra8 23. Rfd1 Qf7 24. Qc5 Ne6 25. Qb6 g5 26. Ng2 Be4 27. Rd6 Qe7 28. Rad1 Rac8 29. Ne3 Rb7 30. Rxe6 Qf7 31. Rxf6 Qg7 32. Rxh6+ Qxh6 33. Qxb7 Rf8 34. Qe7 Qf6 35. Qxf6+ Rxf6 36. a6 c5 37. b5 Rb6 38. c4 Rb8 39. Ra1 Rb6 40. a7 Ba8 41. Rd1 Kg7 42. Rd8 Bb7 43. a8=Q Bxa8 44. Rxa8 1-0

[Event "December 5 Late 2023"]
[Site "https://www.chess.com"]
[Date "2023.12.05"]
[Round "1"]
[White "Alvarado, Carlos"]
[Black "Piesik, Piotr"]
[Result "1-0"]
[Board "98"]
[TimeControl "180+1"]
[WhiteFideId "3800555"]
[BlackFideId "1136194"]
[WhiteElo "2368"]
[BlackElo "2683"]
[WhiteTeam "PER"]
[BlackTeam "CZE"]
[WhiteClock "0:01:49"]
[BlackClock "0:02:39"]

1. d4 c5 2. d5 e5 3. e4 d6 4. Bb5+ Nd7 5. a4 Be7 6. Nf3 Nf6 7. Nc3 O-O 8. O-O Ne8 9. Bd3 Nc7 10. Nd2 Bg5 11. Nc4 Bxc1 12. Qxc1 Nb6 13. Nxb6 axb6 14. b3 f5 15. f3 f4 16. Qd2 Rf6 17. g4 h5 18. h3 Rh6 19. Rf2 1-0

[Event "December 5 Late 2023"]
[Site "https://www.chess.com"]
[Date "2023.12.05"]
[Round "1"]
[White "Amburgy, Ryan"]
[Black "Spichkin, Alexander"]
[Result "1-0"]
[Board "99"]
[TimeControl "180+1"]
[WhiteFideId "30924820"]
[BlackFideId "4144074"]
[WhiteElo "2681"]
[BlackElo "2367"]
[WhiteTeam "USA"]
[BlackTeam "RUS"]
[WhiteClock "0:02:32"]
[BlackClock "0:02:38"]

1. d4 e6 2. c4 f5 3. g3 Nf6 4. Bg2 Be7 5. Nh3 O-O 6. O-O d6 7. b3 c6 8. Bb2 Nbd7 9. Nf4 e5 10. Ne6 Qe8 11. Nxf8 Qxf8 12. Nc3 Qf7 13. Rc1 Qh5 14. e4 Qh4 15. gxh4 1-0

[Event "December 5 Late 2023"]
[Site "https://www.chess.com"]
[Date "2023.12.05"]
[Round "1"]
[White "Akhayan, Ruben"]
[Black "Makridis, Dimitrios"]
[Result "1-0"]
[Board "100"]
[TimeControl "180+1"]
[WhiteFideId "204439"]
[BlackFideId "25864475"]
[WhiteElo "2365"]
[BlackElo "2676"]
[WhiteTeam "BEL"]
[BlackTeam "GRE"]
[WhiteClock "0:00:19"]
[BlackClock "0:00:16"]

1. e4 c5 2. Nf3 d6 3. d4 cxd4 4. Nxd4 Nf6 5. Nc3 a6 6. Bc4 e6 7. Bb3 b5 8. O-O Be7 9. f4 O-O 10. e5 dxe5 11. fxe5 Nfd7 12. Be3 Bb7 13. Qh5 Nc6 14. Nxe6 fxe6 15. Bxe6+ Kh8 16. Rad1 Rxf1+ 17. Rxf1 Ndxe5 18. Nd5 Qd6 19. Qh3 Rf8 20. Rd1 Nc4 21. Nc3 Qe5 22. Bf2 Nd8 23. Re1 Qg5 24. Bg4 Bc5 25. Bxc5 Qxc5+ 26. Kh1 Qf2 27. Rg1 Nd2 28. Be2 Nc6 29. Bd3 Nd4 30. Qxh7# 1-0

[Event "December 5 Late 2023"]
[Site "https://www.chess.com"]
[Date "2023.12.05"]
[Round "1"]
[White "Riff, Vincent"]
[Black "Fernandez Diaz, Cristian"]
[Result "1-0"]
[Board "101"]
[TimeControl "180+1"]
[WhiteFideId "617776"]
[BlackFideId "22256687"]
[WhiteElo "2675"]
[BlackElo "2364"]
[WhiteTeam "FRA"]
[BlackTeam "ESP"]
[WhiteClock "0:00:28"]
[BlackClock "0:00:00"]

1. e4 c5 2. Nf3 Nc6 3. d4 cxd4 4. Nxd4 Nf6 5. Nc3 e5 6. Ndb5 d6 7. Nd5 Nxd5 8. exd5 Nb8 9. Qf3 Be7 10. Qc3 Na6 11. Be3 f5 12. Nxa7 f4 13. Bxa6 fxe3 14. Bb5+ Bd7 15. Nc6 exf2+ 16. Kf1 Qb6 17. a4 Rf8 18. Qc4 Rc8 19. a5 Qc7 20. a6 bxc6 21. a7 Ra8 22. dxc6 Bf5 23. h3 h5 24. g4 Bg6 25. Rh2 Kd8 26. Rxf2 Rxf2+ 27. Kxf2 Rxa7 28. Qg8+ Be8 29. Rxa7 Qxa7+ 30. Ke2 Qc7 31. c4 hxg4 32. hxg4 Bf6 33. b4 Qe7 34. c7+ Kxc7 35. Bxe8 Bg5 36. Ba4 Bf4 37. Qa8 Qh4 38. Qc6+ Kb8 39. Qb6+ Kc8 40. Qc6+ Kb8 41. Qxd6+ Ka7 42. Qc7+ 1-0

[Event "December 5 Late 2023"]
[Site "https://www.chess.com"]
[Date "2023.12.05"]
[Round "1"]
[White "Kostiukov, Alexandr"]
[Black "Vlassov, Nikolai"]
[Result "0-1"]
[Board "102"]
[TimeControl "180+1"]
[WhiteFideId "14108100"]
[BlackFideId "4103360"]
[WhiteElo "2362"]
[BlackElo "2664"]
[WhiteTeam "UKR"]
[BlackTeam "FID"]
[WhiteClock "0:00:00"]
[BlackClock "0:00:16"]

1. g3 h5 2. Nf3 h4 3. Nxh4 Rxh4 4. gxh4 e5 5. d4 Qxh4 6. dxe5 Bc5 7. e3 Nc6 8. Qd5 b6 9. Bc4 Nh6 10. Nd2 Bb7 11. Nf3 Qh5 12. Qd1 Nxe5 13. Nxe5 Qxd1+ 14. Kxd1 Bxh1 15. Ke2 O-O-O 16. Ba6+ Kb8 17. Bd2 Be4 18. Bd3 Bb7 19. Rg1 f6 20. Ng6 Re8 21. b4 Bd6 22. h4 Kc8 23. a3 Kd8 24. c4 Nf7 25. Rc1 Ne5 26. Nxe5 Bxe5 27. Bg6 Rh8 28. h5 c5 29. f4 Bd6 30. Bc3 Kc7 31. Rd1 Ba6 32. b5 Bb7 33. a4 a6 34. a5 Bf8 35. axb6+ Kxb6 36. Rxd7 axb5 37. cxb5 Bc8 38. Rd8 Be6 39. Rb8+ Kc7 40. Re8 Bc4+ 41. Kf3 Bxb5 42. Ra8 Bc6+ 43. Be4 Bxa8 44. Bxa8 Rxh5 45. Be4 f5 46. Ba5+ Kd6 47. Bb7 g6 48. Bc3 Rh3+ 49. Ke2 Ke6 50. Bc8+ Kf7 51. Bb7 Be7 52. Bd5+ Kf8 53. Be5 Bd8 54. Kd3 Ke7 55. Bb8 Bb6 56. Bc4 Kd7 57. Be5 Rg3 58. Bf7 Bc7 59. Bd5 Bxe5 60. fxe5 f4 0-1

[Event "December 5 Late 2023"]
[Site "https://www.chess.com"]
[Date "2023.12.05"]
[Round "1"]
[White "Dobrikov, Marco"]
[Black "Semenenko, Dmytry"]
[Result "0-1"]
[Board "103"]
[TimeControl "180+1"]
[WhiteFideId "12950378"]
[BlackFideId "14118645"]
[WhiteElo "2662"]
[BlackElo "2361"]
[WhiteTeam "GER"]
[BlackTeam "UKR"]
[WhiteClock "0:01:22"]
[BlackClock "0:01:20"]

1. c4 e5 2. Nc3 Nf6 3. g3 d5 4. cxd5 Nxd5 5. Bg2 Be6 6. Nf3 Nc6 7. O-O Be7 8. d4 Nxc3 9. bxc3 e4 10. Nd2 f5 11. e3 O-O 12. c4 Nb4 13. Ba3 Nd3 14. Bxe7 Qxe7 15. Qb3 Rab8 16. Rab1 b5 17. d5 bxc4 18. Qxc4 Bf7 19. Nb3 Rb4 20. Qc6 Ne5 21. Qa6 c6 22. dxc6 Bc4 23. Qa5 Nxc6 24. Qa3 Bxf1 25. Bxf1 a5 26. Rc1 Ne5 27. Qxa5 Nf3+ 28. Kg2 Rbb8 29. Rc7 Qg5 30. Be2 Qh5 31. Nd4 Qxh2+ 32. Kf1 Qg1# 0-1

[Event "December 5 Late 2023"]
[Site "https://www.chess.com"]
[Date "2023.12.05"]
[Round "1"]
[White "yaguigor"]
[Black "Zavgorodniy, Sergiy"]
[Result "1/2-1/2"]
[Board "104"]
[TimeControl "180+1"]
[BlackFideId "14110148"]
[WhiteElo "2359"]
[BlackElo "2661"]
[BlackTeam "UKR"]
[WhiteClock "0:00:52"]
[BlackClock "0:01:44"]

1. e4 c6 2. d4 d5 3. e5 Bf5 4. Nf3 e6 5. Be2 Nd7 6. O-O a6 7. c3 h6 8. a4 c5 9. Na3 Ne7 10. dxc5 Nxc5 11. Nd4 Bg6 12. Be3 Rc8 13. Nac2 Nf5 14. Nxf5 Bxf5 15. Nd4 Bg6 16. f4 Qd7 17. a5 Be7 18. Bg4 O-O 19. f5 exf5 20. Nxf5 Bxf5 21. Bxf5 Ne6 22. Qg4 Bc5 23. Bxc5 Rxc5 24. Ra4 Qe7 25. Bxe6 Qxe6 26. Qxe6 fxe6 27. Rxf8+ Kxf8 28. Rb4 Rxa5 29. Rxb7 Rb5 30. Rxb5 axb5 31. Kf2 Ke7 32. Ke3 Kd7 33. Kd4 Kc6 34. h4 Kb6 35. h5 Kc6 36. b3 Kb6 37. b4 Kc6 38. Kd3 Kb6 39. Kd4 Kc6 40. Kd3 Kb6 41. Kd4 1/2-1/2

[Event "December 5 Late 2023"]
[Site "https://www.chess.com"]
[Date "2023.12.05"]
[Round "1"]
[White "Atanasov, Anthony"]
[Black "Gutkin, Ilya"]
[Result "1-0"]
[Board "105"]
[TimeControl "180+1"]
[WhiteFideId "2623897"]
[BlackFideId "16203470"]
[WhiteElo "2660"]
[BlackElo "2358"]
[WhiteTeam "CAN"]
[BlackTeam "GER"]
[WhiteClock "0:01:21"]
[BlackClock "0:00:24"]

1. d4 e6 2. Bf4 c5 3. e3 Nf6 4. Nf3 b6 5. Nbd2 Bb7 6. Nc4 d5 7. Nce5 Bd6 8. Bb5+ Kf8 9. Ng5 Bxe5 10. dxe5 Nfd7 11. Qf3 Qe7 12. O-O-O a6 13. Bd3 Nc6 14. Nxh7+ Kg8 15. Qg3 Rxh7 16. Bxh7+ Kxh7 17. h4 f6 18. exf6 Qxf6 19. h5 Rf8 20. f3 Qf5 21. Rh4 Nb4 22. e4 dxe4 23. Rxd7 Rf7 24. Qg6+ Qxg6 25. hxg6+ Kxg6 26. Rg4+ Kf6 27. Bg5+ Ke5 28. f4+ Kf5 29. Rxf7+ Kg6 30. Rxb7 1-0

[Event "December 5 Late 2023"]
[Site "https://www.chess.com"]
[Date "2023.12.05"]
[Round "1"]
[White "Bonin, Jay"]
[Black "Martins, Vinicius Tine"]
[Result "1/2-1/2"]
[Board "106"]
[TimeControl "180+1"]
[WhiteFideId "2000644"]
[BlackFideId "2112884"]
[WhiteElo "2356"]
[BlackElo "2659"]
[WhiteTeam "USA"]
[BlackTeam "BRA"]
[WhiteClock "0:00:13"]
[BlackClock "0:00:04"]

1. d4 d6 2. e4 Nf6 3. Nc3 g6 4. h3 Bg7 5. Nf3 O-O 6. g3 c5 7. Bg2 cxd4 8. Nxd4 Qa5 9. Nb3 Qc7 10. O-O Nc6 11. Bg5 a5 12. Bxf6 Bxf6 13. Nd5 Qd8 14. Nxf6+ exf6 15. a4 Be6 16. Nd4 Nxd4 17. Qxd4 Qe7 18. Rfd1 Rfd8 19. c4 Rac8 20. b3 Rc5 21. Ra2 Kg7 22. Rad2 Qc7 23. Qe3 h6 24. f4 Rh5 25. g4 Rc5 26. f5 Bc8 27. Qg3 Re5 28. Rd4 Qc5 29. Kh2 b6 30. Qd3 Qb4 31. Rxd6 Rxd6 32. Qxd6 Qxb3 33. fxg6 Kxg6 34. Rf1 Re6 35. Qd5 Ba6 36. Qf5+ Kg7 37. e5 Qc3 38. exf6+ Rxf6 39. Qxf6+ Qxf6 40. Rxf6 Kxf6 41. Bd5 Bc8 42. Kg3 Bd7 43. Kf4 Bxa4 44. h4 Bc2 45. g5+ hxg5+ 46. hxg5+ Ke7 47. Ke3 a4 48. Kd2 Bb3 49. Kc3 b5 50. Bxf7 Kxf7 51. cxb5 Ke7 52. b6 Kd7 53. Kb4 Kc6 54. g6 Kxb6 55. g7 Kc6 56. g8=Q Bxg8 57. Kxa4 1/2-1/2

[Event "December 5 Late 2023"]
[Site "https://www.chess.com"]
[Date "2023.12.05"]
[Round "1"]
[White "Thomforde-Toates, Noah"]
[Black "Micic, Aleksa"]
[Result "1-0"]
[Board "107"]
[TimeControl "180+1"]
[WhiteFideId "30951992"]
[BlackFideId "989940"]
[WhiteElo "2658"]
[BlackElo "2355"]
[WhiteTeam "USA"]
[BlackTeam "SRB"]
[WhiteClock "0:00:21"]
[BlackClock "0:00:40"]

1. d4 Nf6 2. Nc3 e6 3. Bf4 d5 4. e3 a6 5. Bd3 c5 6. dxc5 Bxc5 7. Nf3 Nc6 8. O-O O-O 9. e4 dxe4 10. Nxe4 Nxe4 11. Bxe4 Bd7 12. Bxh7+ Kxh7 13. Ng5+ Kg6 14. Qg4 f5 15. Qg3 Kf6 16. Rad1 Rh8 17. Rfe1 Qe7 18. Nxe6 Qxe6 19. Rxe6+ Bxe6 20. Qc3+ Bd4 21. Rxd4 Nxd4 22. Qxd4+ Kf7 23. Qb6 Rhd8 24. h4 Rd7 25. b3 Rc8 26. c4 Rc6 27. Qe3 b5 28. c5 a5 29. Bd6 a4 30. bxa4 bxa4 31. a3 Rb7 32. Qf3 Bd7 33. Qd5+ Kg6 34. Kh2 Rb3 35. h5+ Kh7 36. Qf7 Rb7 37. Qg6+ Kh8 38. h6 Bc8 39. Qe8+ Kh7 40. Qxc6 1-0

[Event "December 5 Late 2023"]
[Site "https://www.chess.com"]
[Date "2023.12.05"]
[Round "1"]
[White "Cooper, Aaron"]
[Black "Krallis, Christos"]
[Result "0-1"]
[Board "108"]
[TimeControl "180+1"]
[WhiteFideId "2634945"]
[BlackFideId "4298896"]
[WhiteElo "2351"]
[BlackElo "2657"]
[WhiteTeam "CAN"]
[BlackTeam "GRE"]
[WhiteClock "0:00:02"]
[BlackClock "0:00:53"]

1. d4 g6 2. e4 Bg7 3. Nc3 d6 4. Nf3 Bg4 5. Be2 Nf6 6. h3 Bxf3 7. Bxf3 c6 8. Be3 O-O 9. Qd2 Nbd7 10. h4 h5 11. O-O-O b5 12. Bh6 b4 13. Ne2 Qa5 14. Kb1 Nb6 15. Bxg7 Kxg7 16. a3 Nc4 17. Qxb4 Qxb4 18. axb4 Rfb8 19. c3 a5 20. e5 dxe5 21. Bxc6 Ra7 22. b5 a4 23. Kc2 Ng4 24. Ra1 Nxf2 25. Rhe1 Ng4 26. d5 Nd6 27. Ng3 Nxb5 28. Re4 a3 29. Bxb5 Rxb5 30. Rxa3 Rxa3 31. bxa3 Rxd5 32. a4 Ra5 33. Rb4 Nf6 34. Kb3 Ra8 35. Rb5 e4 36. Re5 Rb8+ 37. Kc2 Ra8 38. a5 e6 39. c4 Ng4 40. Rxe4 Rxa5 41. Kb3 Nf6 42. Re3 g5 43. Ne2 gxh4 44. Nc3 Rg5 45. Re2 Rg3 46. Kb4 h3 47. gxh3 Rxh3 48. c5 Rg3 49. c6 Ne8 50. Ne4 Rg4 51. Kb5 Rxe4 52. Rxe4 Nd6+ 53. Kb6 Nxe4 54. c7 Nd6 55. Kc6 Nc8 56. Kd7 Na7 0-1

[Event "December 5 Late 2023"]
[Site "https://www.chess.com"]
[Date "2023.12.05"]
[Round "1"]
[White "Koellner, Ruben Gideon"]
[Black "Degtiarev, Evgeny"]
[Result "1/2-1/2"]
[Board "109"]
[TimeControl "180+1"]
[WhiteFideId "12993093"]
[BlackFideId "4149610"]
[WhiteElo "2654"]
[BlackElo "2350"]
[WhiteTeam "GER"]
[BlackTeam "GER"]
[WhiteClock "0:00:06"]
[BlackClock "0:00:08"]

1. Nf3 d5 2. g3 Nf6 3. Bg2 g6 4. O-O Bg7 5. d3 O-O 6. Nbd2 c5 7. e4 dxe4 8. dxe4 Nc6 9. c3 Qc7 10. Qe2 e5 11. a4 Rd8 12. Ne1 b6 13. Nc2 a5 14. Ne3 Ba6 15. Ndc4 Rd7 16. Nd5 Qa7 17. Bg5 Nxd5 18. exd5 Nd8 19. Rfd1 Nb7 20. Qe4 Bxc4 21. Qxc4 Nd6 22. Qg4 f5 23. Qe2 Re8 24. h4 Qb8 25. Re1 Nf7 26. Be3 e4 27. Red1 Red8 28. Qc4 Ne5 29. Qb3 Ng4 30. Bg5 Bf6 31. Bf1 Bxg5 32. hxg5 Kg7 33. Be2 Ne5 34. Kg2 Qd6 35. Rd2 Rf8 36. Rh1 f4 37. gxf4 Rxf4 38. c4 Nf3 39. Qc3+ Kg8 40. Bxf3 Rxf3 41. Qc2 Qf4 42. Re2 Qg4+ 43. Kf1 e3 44. Rxe3 Rxe3 45. fxe3 Qf3+ 46. Kg1 Qg3+ 47. Qg2 Qxe3+ 48. Qf2 Qxg5+ 49. Kh2 Rf7 50. Qe2 Qh4+ 51. Kg2 Qg5+ 52. Kh2 Qf4+ 53. Kg2 Qd4 54. Rh3 Qf4 55. Rf3 Qg4+ 56. Kf2 Qh4+ 57. Kg2 Qg4+ 58. Kf2 Rxf3+ 59. Qxf3 Qxf3+ 60. Kxf3 Kf7 61. Kf4 Kf6 62. Kg4 h5+ 63. Kh4 Kf5 64. b3 Kf6 65. Kh3 Kf5 66. Kg3 g5 67. Kf3 h4 68. Kg2 g4 69. Kh2 Ke5 70. Kg2 Kd6 71. Kh2 Ke5 72. Kg2 Kf5 73. Kh2 h3 74. Kg3 Ke5 75. Kh2 Kf5 76. Kg3 Ke5 77. Kh2 Kf5 1/2-1/2

[Event "December 5 Late 2023"]
[Site "https://www.chess.com"]
[Date "2023.12.05"]
[Round "1"]
[White "Khokhlova, Daria"]
[Black "Apoorv Kamble"]
[Result "0-1"]
[Board "110"]
[TimeControl "180+1"]
[WhiteFideId "24182729"]
[BlackFideId "25683012"]
[WhiteElo "2346"]
[BlackElo "2654"]
[WhiteTeam "FID"]
[BlackTeam "IND"]
[WhiteClock "0:01:07"]
[BlackClock "0:02:16"]

1. d4 Nf6 2. c4 e6 3. g3 d5 4. Nf3 Be7 5. Bg2 dxc4 6. O-O O-O 7. Qa4 c5 8. dxc5 Bxc5 9. Qxc4 Qe7 10. Nc3 Nc6 11. Bg5 Bb6 12. Qh4 h6 13. Bxf6 Qxf6 14. Qxf6 gxf6 15. Ne4 f5 16. Nd6 Rd8 17. Nxc8 Raxc8 18. Rfd1 Nb4 19. Rxd8+ Rxd8 20. a3 Nc6 21. Kf1 Na5 22. b4 Nb3 23. Rb1 Nd2+ 24. Nxd2 Rxd2 25. Bxb7 Ra2 26. Rb3 Kg7 27. e3 h5 28. Bc6 h4 29. gxh4 Kh6 30. a4 Bc7 31. Kg2 Bd6 32. a5 Kg6 33. Be8 Kf6 34. Bc6 Rc2 35. Bd7 Bc7 36. a6 Rc4 37. b5 Rxh4 38. h3 Bb6 39. Rc3 Rb4 40. Rc8 Rb2 41. Kg3 Rb1 42. Rb8 Bc7+ 43. Kf3 Bxb8 44. Bc6 Bc7 45. h4 0-1

[Event "December 5 Late 2023"]
[Site "https://www.chess.com"]
[Date "2023.12.05"]
[Round "1"]
[White "Pakleza, Zbigniew"]
[Black "Biernacki, Mark"]
[Result "1-0"]
[Board "111"]
[TimeControl "180+1"]
[WhiteFideId "1119290"]
[BlackFideId "2082322"]
[WhiteElo "2653"]
[BlackElo "2342"]
[WhiteTeam "POL"]
[BlackTeam "USA"]
[WhiteClock "0:00:10"]
[BlackClock "0:00:00"]

1. d4 d5 2. Bf4 c5 3. c3 Nc6 4. e3 cxd4 5. cxd4 Nf6 6. Nc3 a6 7. Bd3 Bg4 8. Nf3 e6 9. Qb3 Bxf3 10. gxf3 b5 11. a4 b4 12. Na2 Na5 13. Qd1 Bd6 14. Bg3 Nc4 15. Qe2 Rc8 16. O-O Bxg3 17. hxg3 Qb6 18. b3 Na3 19. Bxa6 Rc2 20. Bb5+ Ke7 21. Qe1 Nxb5 22. Qxb4+ Kd7 23. Qxb5+ Qxb5 24. axb5 Rb8 25. Nb4 Rc3 26. Ra7+ Ke8 27. Na6 Rb6 28. b4 Kf8 29. Ra8+ Ke7 30. Rb8 Rxb8 31. Nxb8 Kd6 32. Ra1 Rb3 33. Nc6 Nd7 34. Ra7 Rb1+ 35. Kg2 f6 36. f4 g5 37. fxg5 fxg5 38. g4 h6 39. Ra8 Nf6 40. Rd8+ Kc7 41. f3 Rc1 42. Rh8 h5 43. gxh5 g4 44. fxg4 Nxg4 45. Kf3 Nf6 46. h6 Rf1+ 47. Ke2 1-0